 Dungeon Crawl Stone Soup version 0.27-a0-681-g0c81a3c1c3 (webtiles) character file.

Game seed: 13924046756481852277

95746 rjrrt the Executioner (level 16, -1/147 HPs)
             Began as a Hill Orc Monk on Mar 19, 2021.
             Was the Champion of Yredelemnul.
             Slain by a titanic slime creature (79 damage)
             ... on level 15 of the Dungeon.
             The game lasted 01:15:06 (30558 turns).

rjrrt the Executioner (Hill Orc Monk)              Turns: 30558, Time: 01:15:06

Health: -1/147     AC: 25    Str: 24    XL:     16   Next: 15%
Magic:  25/25      EV: 10    Int: 10    God:    Yredelemnul [******]
Gold:   551        SH:  5    Dex:  6    Spells: 12/15 levels left

rFire    + + +     SeeInvis .   a - +4 executioner's axe (venom)
rCold    + . .     Faith    .   (shield currently unavailable)
rNeg     . . .     Spirit   .   K - +3 chain mail {rF+}
rPois    .         Reflect  +   u - +0 helmet
rElec    .         Harm     .   T - +2 cloak of the Sea {rC+ Str+3 Dex-5}
rCorr    +         Rampage  .   x - +0 pair of gloves
Will     ++...                  F - +1 pair of boots
Stlth    ..........             S - amulet of reflection
HPRegen  0.34/turn              I - ring of willpower
MPRegen  0.19/turn              r - ring "Arar" {+Blink rF++ rCorr Dex-2 Slay+2}

@: no status effects
A: no striking features
a: Renounce Religion, Evoke Blink, Recall Undead Slaves, Injury Mirror, Animate
Dead, Drain Life, Enslave Soul


You were on level 15 of the Dungeon.
You worshipped Yredelemnul.
Yredelemnul was exalted by your worship.
You visited 3 branches of the dungeon, and saw 23 of its levels.
You also visited: Ossuary.

You collected 2691 gold pieces.
You spent 2140 gold pieces at shops.

Inventory:

Hand Weapons
 a - a +4 executioner's axe of venom (weapon)
 b - a +4 eveningstar
 c - a +9 spectral battleaxe
 e - the +8 war axe of Fatigue {speed, *Noise rElec rC+}
   (You found it on level 3 of the Lair of Beasts)

   Attacks with this weapon are significantly faster.
   It protects you from cold.
   It insulates you from electricity.
   It may make noises in combat.
 H - a +0 glaive
Missiles
 k - 17 javelins (quivered)
 q - 15 curare-tipped darts
Armour
 u - a +0 helmet (worn)
 x - a +0 pair of gloves (worn)
 F - a +1 pair of boots (worn)
 K - a +3 chain mail of fire resistance (worn)
 T - the +2 cloak of the Sea (worn) {rC+ Str+3 Dex-5}
   (You bought it in a shop on level 2 of the Orcish Mines)

   It affects your strength (+3).
   It affects your dexterity (-5).
   It protects you from cold.
Jewellery
 r - the ring "Arar" (left hand) {+Blink rF++ rCorr Dex-2 Slay+2}
   (You found it on level 5 of the Lair of Beasts)

   [ring of resist corrosion]

   It affects your dexterity (-2).
   It affects your accuracy and damage with ranged weapons and melee attacks
   (+2).
   It greatly protects you from fire.
   It lets you blink.
   It provides partial protection from all sources of acid and corrosion.
 I - a ring of willpower (right hand)
 L - a +4 ring of protection
 Q - a ring of flight
 S - an amulet of reflection (around neck)
Wands
 h - a wand of acid (31)
 l - a wand of polymorph (37)
 v - a wand of charming (7)
 w - a wand of flame (17)
 A - a wand of paralysis (24)
 B - a wand of iceblast (24)
 M - a wand of digging (6)
Scrolls
 f - 3 scrolls of identify
 i - 2 scrolls of blinking
 p - 4 scrolls of magic mapping
 y - a scroll of silence
 D - 2 scrolls of fear
 E - 10 scrolls of teleportation
Potions
 d - 2 potions of magic
 g - 5 potions of haste
 j - 2 potions of invisibility
 m - 4 potions of cancellation
 n - 2 potions of resistance
 o - 6 potions of curing
 s - 4 potions of attraction
 z - 4 potions of berserk rage
 C - 3 potions of might
 G - 8 potions of heal wounds
 J - 4 potions of ambrosia
 N - 3 potions of lignification
 O - a potion of flight
 R - a potion of mutation
Miscellaneous
 P - a phial of floods


   Skills:
 + Level 14.3 Fighting
 * Level 21.3 Axes
 + Level 12.9 Armour
 - Level 6.0 Dodging
 - Level 2.1 Stealth
 - Level 0.2 Shields
 + Level 1.5 Air Magic
 - Level 12.0 Invocations
 + Level 8.8 Evocations


You had 12 spell levels left.
You knew the following spells:

 Your Spells              Type           Power      Damage    Failure   Level
p - Apportation           Tloc           0%         N/A       87%         1
s - Swiftness             Air            3%         N/A       82%         2

Your spell library contained the following spells:

 Spells                   Type           Power      Damage    Failure   Level
 Shock                    Conj/Air       4%         1d3       78%         1
 Animate Skeleton         Necr           0%         N/A       87%         1
 Corona                   Hex            0%         N/A       87%         1
 Freeze                   Ice            0%         1d3       87%         1
 Summon Small Mammal      Summ           0%         N/A       87%         1
 Call Imp                 Summ           0%         N/A       95%         2
 Ensorcelled Hibernation  Hex/Ice        0%         N/A       95%         2
 Static Discharge         Conj/Air       1%         N/A       98%         3
 Call Canine Familiar     Summ           0%         N/A       99%         3
 Confusing Touch          Hex            0%         N/A       99%         3
 Dazzling Flash           Conj/Hex       0%         N/A       99%         3
 Frozen Ramparts          Ice            0%         1d2       99%         3
 Ignite Poison            Fire/Tmut/Pois 0%         N/A       99%         3
 Ozocubu's Armour         Ice            0%         N/A       99%         3
 Summon Guardian Golem    Hex/Summ       0%         N/A       99%         3
 Tukima's Dance           Hex            0%         N/A       99%         3
 Airstrike                Air            1%         N/A       100%        4
 Hailstorm                Conj/Ice       0%         3d3       100%        4
 Summon Ice Beast         Ice/Summ       0%         N/A       100%        4
 Summon Lightning Spire   Summ/Air       1%         N/A       100%        4
 Fireball                 Conj/Fire      0%         3d3       100%        5
 Lightning Bolt           Conj/Air       0%         1d11      100%        5
 Starburst                Conj/Fire      0%         8x6d3     100%        6
 Ignition                 Fire           0%         3d3       100%        8


Dungeon Overview and Level Annotations

Branches:
Dungeon (15/15)            Temple (0/1) D:7            Lair (6/6) D:9
 Shoals (0/4) Lair:4       Spider (0/4) Lair:3        Slime (0/5) Lair:5
    Orc (2/2) D:12            Elf (0/3) Orc:2        Vaults (0/5) D:14
Ossuary (visited)
 Depths: D:15

Altars:
Dithmenos
Elyvilon
Gozag
Okawaru
Qazlal
Ru
Sif Muna
Vehumet
Wu Jian
Xom
Yredelemnul
Zin
The Shining One
Beogh
Jiyva

Shops:
D:3 :   D:5 (   D:13 =   Orc:1 *   Orc:2 (([*

Annotations:
D:13 1 runed translucent door


Message History

t - Shout!
Orders for allies: a - Attack new target. r - Retreat! s - Stop attacking. g - Guard the area. f - Follow me.
Anything else - Cancel.
Guard this area!
You climb downwards.
There is a stone staircase leading up here.
You open the door. 4 slime creatures come into view.
The slime creature quivers. x4
A slime creature suddenly disappears!
You open the slime creature like a pillowcase!!!
The slime creature is severely wounded.
The slime creature hits you.
You slash the slime creature!
The slime creature is almost dead.
Two slime creatures merge to form a large slime creature.
You slice the slime creature!!
You kill the slime creature!
Yredelemnul accepts your kill.
Unknown command.
Unknown command.
A slime creature comes into view.
The slime creature quivers.
The large slime creature quivers.
Two slime creatures merge to form an enormous slime creature.
Found a hand axe.
There is an open door here.
You completely miss the enormous slime creature.
Two slime creatures merge to form a titanic slime creature.
Unknown command.
You slice the titanic slime creature!!
The titanic slime creature is lightly wounded.
The titanic slime creature hits you!!!
You slice the titanic slime creature!!
The titanic slime creature is lightly wounded.
The titanic slime creature hits you!!!!
Ouch! That really hurt!
You die...
Your body rises from the dead as a mindless zombie.

#.. #.#.#.. +.#..
#.#.#.# #.#.# ##.#.#.#
#.#.# #....#.# #.#.#
#.....<# #.#.# #....#.#
+####+.#.#######....#.#
......J#............#.#
#######@.#######....#.#
.........# #....#.#
.#.#..#### #....#.# #.)
##.#.#.# ## #.#.# #.#.#
#.#.#


You could see a titanic slime creature.

Vanquished Creatures
  A fire dragon (Lair:6)
  An ettin (Orc:2)
  6 hydras
  A boulder beetle (D:12)
  Erolcha (D:11)
  Erica (Lair:2)
  A death knight (D:14)
  4 two-headed ogres
  5 death yaks
  2 orc high priests
  Urug (Lair:1)
  An iron troll (D:14)
  An unseen horror (D:12)
  2 orc knights
  A lindwurm (Lair:6)
  2 oklob plants (Lair:1)
  A cyclops (D:13)
  A wolf spider (Lair:3)
  3 manticores
  2 orc sorcerers
  3 centaur zombies
  3 black mambas (Lair:6)
  2 elephants
  2 torpor snails
  14 cane toads
  11 komodo dragons
  5 gargoyles
  10 rime drakes
  A tengu conjurer (D:14)
  A polar bear (Lair:6)
  9 trolls
  2 meliai (D:13)
  A jumping spider (Lair:3)
  A hornet (Lair:3)
  A wind drake (Lair:4)
  17 blink frogs
  4 dream sheep
  A meliai zombie (D:13)
  2 shadows (D:12)
  5 slime creatures
  2 water elementals (D:14)
  3 wraiths
  10 wyverns
  48 yaks
  3 steam dragons
  2 basilisks
  4 wargs (Orc:2)
  A chaos spawn (D:9)
  4 vampire mosquitoes
  3 soldier ants
  A two-headed ogre zombie (D:12)
  3 hell hounds (Lair:6)
  8 water moccasins
  A hornet zombie (D:12)
  40 orc warriors
  2 sky beasts
  5 black bears
  4 ice beasts
  21 wolves
  9 ogres
  7 centaurs
  3 phantoms
  3 kobold brigands
  A wyvern zombie (D:12)
  14 bullfrogs
  A scorpion (D:5)
  12 wights
  3 howler monkeys
  4 electric eels
  4 lava snakes (Lair:6)
  6 jellies
  2 bullfrog skeletons
  21 orc priests
  4 centaur skeletons
  6 hounds
  3 iguanas
  Jessica (D:3)
  7 worker ants
  24 orc wizards
  10 hell rats (Lair:4)
  5 ogre zombies (D:12)
  A hound skeleton (D:7)
  A mummy (Ossuary)
  A worker ant zombie (D:6)
  11 adders
  A gnoll (D:5)
  A howler monkey skeleton (D:9)
  3 shadow imps
  2 white imps
  3 ufetubi
  An ooze (D:1)
  3 worms
  2 dart slugs
  8 leopard geckos
  83 orcs
  A ball python (D:3)
  8 giant cockroaches
  11 goblins
  4 hobgoblins
  12 jackals
  6 quokkas
  5 bats
  5 frilled lizards
  3 gnoll skeletons (Ossuary)
  2 goblin skeletons (D:12)
  3 goblin zombies (D:12)
  A hobgoblin skeleton (D:12)
  A hobgoblin zombie (D:12)
  A jackal skeleton (D:3)
  23 kobolds
  5 kobold skeletons (Ossuary)
  17 orc skeletons
  7 orc zombies (D:12)
  A quokka zombie (D:5)
  3 rats
  A bush (Lair:5)
689 creatures vanquished.

Vanquished Creatures (collateral kills)
  An orc warlord (Orc:2)
  Nessos (Lair:5)
  The ghost of Dittersdorf the Tortoise, a journeyman GrFi of Okawaru (Lair:5)
  The ghost of Dittersdorf the Protected, a journeyman GrFi of Okawaru (Lair:5)
  Josephine (D:14)
  7 hydras
  A boulder beetle (Lair:2)
  2 dancing weapons (D:14)
  An orc high priest (Orc:2)
  A two-headed ogre (D:13)
  6 death yaks
  Sonja (D:13)
  2 deep trolls (D:14)
  2 oklob plants (Lair:1)
  3 cyclopes
  7 elephants
  A centaur zombie (D:13)
  2 molten gargoyles (Lair:6)
  A gargoyle (D:13)
  2 black mambas
  3 cane toads
  A centaur skeleton (D:12)
  3 rime drakes (Lair:4)
  A torpor snail (Lair:2)
  9 komodo dragons
  6 trolls
  A meliai (D:13)
  A polar bear (Lair:4)
  2 jumping spiders (Lair:3)
  10 blink frogs
  A hornet (D:11)
  5 dream sheep (Lair:5)
  A centaur simulacrum (D:13)
  A redback (Lair:3)
  A shadow (D:12)
  4 wraiths
  4 basilisks (Lair:6)
  26 yaks
  A wyvern (Lair:5)
  A chaos spawn (D:9)
  5 vampire mosquitoes
  3 wargs (Orc:2)
  3 water moccasins
  A hell hound (Lair:6)
  10 orc warriors
  A necrophage (D:8)
  2 black bears
  2 ice beasts
  A sky beast (D:8)
  2 ogres
  10 wolves
  A centaur (D:13)
  A kobold brigand (D:7)
  3 bullfrogs
  A wyvern zombie (D:14)
  2 scorpions
  A troll zombie (D:12)
  2 electric eels (D:14)
  3 wights
  A lava snake (Lair:6)
  A hound (D:14)
  5 orc priests
  6 orc wizards
  4 worker ants
  An ogre zombie (D:12)
  20 orcs
  A goblin (Orc:2)
  A gnoll skeleton (Ossuary)
  2 goblin zombies (D:12)
  5 kobolds
  2 orc skeletons (Ossuary)
  6 orc zombies (D:12)
235 creatures vanquished.

Vanquished Creatures (others)
  A skeletal warrior (Lair:6)
  2 phantasmal warriors (Lair:6)
  2 vampires
  8 flying skulls
  2 wraiths
  A wight (D:7)
  2 black mamba zombies
  3 hydra zombies
  4 death yak zombies (Lair:6)
  3 cane toad zombies
  A dream sheep zombie (Lair:2)
  A cyclops zombie (D:11)
  2 hell hound zombies (Lair:6)
  10 wolf zombies
  A black bear zombie (D:11)
  A blink frog skeleton (Lair:2)
  8 blink frog zombies
  4 komodo dragon zombies
  A manticore zombie (Lair:4)
  An ogre zombie (D:11)
  A warg zombie (Orc:2)
  A water moccasin zombie (Lair:6)
  A wyvern zombie (Lair:5)
  A rime drake zombie (Lair:3)
  An adder zombie (D:9)
  A basilisk zombie (Lair:6)
  3 bullfrog zombies
  A centaur zombie (D:11)
  A hound zombie (D:12)
  An iguana zombie (D:12)
  6 kobold zombies
  A leopard gecko zombie (D:11)
  An orc skeleton (D:4)
  23 orc zombies
  2 steam dragon zombies (Lair:6)
  A worker ant zombie (D:11)
  14 yak zombies
  A bush (Lair:2)
  102 fungi
  89 plants
310 creatures vanquished.

Grand Total: 1234 creatures vanquished

Notes
Turn   | Place    | Note
-------+----------+-------------------------------------------
     0 | D:1      | rjrrt the Hill Orc Monk began the quest for the Orb.
     0 | D:1      | Reached XP level 1. HP: 19/19 MP: 1/1
   157 | D:1      | Reached XP level 2. HP: 17/27 MP: 2/2
   738 | D:1      | Reached XP level 3. HP: 28/33 MP: 3/3
  1008 | D:1      | Reached skill level 5 in Axes
  1511 | D:2      | Reached XP level 4. HP: 36/41 MP: 4/4
  1613 | D:2      | Found a basalt altar of Yredelemnul.
  1622 | D:2      | Became a worshipper of Yredelemnul the Dark
  1622 | D:2      | Reached * piety under Yredelemnul
  1622 | D:2      | Reached ** piety under Yredelemnul
  1722 | D:2      | Found a white marble altar of Elyvilon.
  1942 | D:3      | Reached skill level 1 in Armour
  2124 | D:3      | Found Ytzolyin's Book Shop.
  2235 | D:3      | Reached XP level 5. HP: 47/47 MP: 5/5
  2236 | D:3      | Noticed Jessica
  2255 | D:3      | Killed Jessica
  2475 | D:3      | Found a glowing silver altar of Zin.
  3436 | D:4      | Reached skill level 6 in Axes
  3488 | D:4      | Reached skill level 1 in Invocations
  3488 | D:4      | Reached XP level 6. HP: 20/53 MP: 6/6
  4377 | D:4      | Reached skill level 1 in Evocations
  4412 | D:4      | Reached skill level 5 in Fighting
  4754 | D:4      | Reached XP level 7. HP: 49/61 MP: 8/8
  5034 | D:5      | Entered Level 5 of the Dungeon
  5100 | D:5      | Reached skill level 7 in Axes
  5214 | D:5      | Found a shimmering blue altar of Sif Muna.
  5225 | D:5      | Reached *** piety under Yredelemnul
  5270 | D:5      | Found Qylip's Antique Weapon Shoppe.
  5273 | D:5      | Bought a runed broad axe for 196 gold pieces
  5744 | D:5      | Found an iron altar of Okawaru.
  5969 | D:5      | Found a radiant altar of Vehumet.
  5970 | D:5      | Found a shimmering altar of Xom.
  6080 | D:6      | Reached skill level 8 in Axes
  6080 | D:6      | Reached XP level 8. HP: 58/68 MP: 10/10
  6301 | D:6      | Found an ornate altar of the Wu Jian Council.
  6586 | D:6      | Found a shadowy altar of Dithmenos.
  6902 | D:6      | Identified a scroll of acquirement
  6902 | D:6      | Acquired 611 gold pieces
  6984 | D:7      | Reached skill level 9 in Axes
  7104 | D:7      | Reached skill level 5 in Invocations
  7437 | D:7      | Received a gift from Yredelemnul (a wight)
  7679 | D:7      | Found a staircase to the Ecumenical Temple.
  7722 | D:7      | Reached skill level 10 in Axes
  8083 | D:7      | Found a stormy altar of Qazlal.
  8158 | D:7      | You fall into a shaft and drop 2 floors!
  8212 | D:9      | Noticed a wraith
  8233 | D:9      | Killed a wraith
  8234 | D:9      | Reached XP level 9. HP: 52/74 MP: 13/13
  8253 | D:9      | Received a gift from Yredelemnul (a mummy)
  8355 | D:8      | Noticed a troll
  8368 | D:8      | Killed a troll
  8474 | D:8      | Reached **** piety under Yredelemnul
  8474 | D:8      | Received a gift from Yredelemnul (a mummy)
  8530 | D:8      | Found a sand-covered staircase.
  8582 | Ossuary  | Entered an ossuary
  8836 | Ossuary  | Received a gift from Yredelemnul (a wraith)
  8893 | Ossuary  | Received a gift from Yredelemnul (a vampire)
  9100 | D:7      | Reached skill level 11 in Axes
  9254 | D:7      | Reached skill level 5 in Evocations
  9663 | D:8      | Received a gift from Yredelemnul (a vampire)
 10161 | D:8      | Reached XP level 10. HP: 84/84 MP: 15/15
 10434 | D:9      | Noticed a two-headed ogre
 10456 | D:9      | Killed a two-headed ogre
 10456 | D:9      | Received a gift from Yredelemnul (3 flying skulls)
 10457 | D:9      | Reached skill level 12 in Axes
 10457 | D:9      | Reached skill level 5 in Armour
 10571 | D:9      | Found a staircase to the Lair.
 10806 | D:9      | Found a sacrificial altar of Ru.
 10847 | D:9      | Found a shimmering altar of Xom.
 10848 | D:9      | Found the +7 mace of Variability {chain chaos}
 11216 | D:9      | Found a glowing golden altar of the Shining One.
 11307 | D:9      | Found an opulent altar of Gozag.
 11466 | Lair:1   | Entered Level 1 of the Lair of Beasts
 11468 | Lair:1   | Noticed Urug
 11480 | Lair:1   | Killed Urug
 11606 | Lair:1   | Noticed a six-headed hydra
 11617 | Lair:1   | Killed a six-headed hydra
 11618 | Lair:1   | Reached skill level 13 in Axes
 11644 | Lair:1   | Reached XP level 11. HP: 32/94 MP: 17/17
 12009 | Lair:1   | Received a gift from Yredelemnul (5 flying skulls)
 12210 | Lair:1   | Noticed an oklob plant
 12220 | Lair:1   | Killed an oklob plant
 12221 | Lair:1   | Reached skill level 14 in Axes
 12668 | Lair:1   | Noticed an oklob plant
 12668 | Lair:1   | Noticed an oklob plant
 12669 | Lair:1   | Noticed an oklob plant
 12682 | Lair:1   | Killed an oklob plant
 12728 | Lair:1   | Killed an oklob plant
 12732 | Lair:1   | Killed an oklob plant
 13800 | Lair:2   | Reached skill level 10 in Invocations
 13801 | Lair:2   | Noticed a five-headed hydra
 13814 | Lair:2   | Killed a five-headed hydra
 14164 | Lair:2   | Reached skill level 15 in Axes
 14362 | Lair:2   | Reached XP level 12. HP: 105/105 MP: 19/19
 14457 | Lair:2   | Noticed a four-headed hydra
 14463 | Lair:2   | Killed a four-headed hydra
 14537 | Lair:2   | Reached skill level 10 in Fighting
 14545 | Lair:2   | Reached ***** piety under Yredelemnul
 14638 | Lair:2   | Received a gift from Yredelemnul (a wraith)
 14639 | Lair:2   | Reached skill level 16 in Axes
 14683 | Lair:2   | Noticed a boulder beetle
 14698 | Lair:2   | Killed a boulder beetle
 15048 | Lair:2   | Received a gift from Yredelemnul (a vampire)
 15196 | Lair:2   | Noticed Erica
 15210 | Lair:2   | Killed Erica
 15558 | Lair:3   | Reached skill level 17 in Axes
 15597 | Lair:3   | Received a gift from Yredelemnul (a phantasmal warrior)
 15670 | Lair:3   | Reached XP level 13. HP: 86/116 MP: 20/20
 15672 | Lair:3   | Paralysed by a hornet for 2 turns
 16431 | Lair:3   | Reached skill level 10 in Armour
 16624 | Lair:3   | Identified the +8 war axe of Fatigue {speed, *Noise rElec
                  | rC+}
 16857 | Lair:3   | Received a gift from Yredelemnul (a flayed ghost)
 16866 | Lair:3   | Found a hole to the Spider Nest.
 17254 | Lair:4   | Reached skill level 18 in Axes
 17647 | Lair:4   | Found a staircase to the Shoals.
 18381 | Lair:4   | Received a gift from Yredelemnul (a vampire knight)
 18405 | Lair:4   | Reached skill level 19 in Axes
 19200 | Lair:5   | Learned a level 2 spell: Swiftness
 19202 | Lair:5   | Learned a level 1 spell: Apportation
 19228 | Lair:5   | Identified the ring "Arar" {+Blink rF++ rCorr Dex-2 Slay+2}
 19247 | Lair:5   | Reached XP level 14. HP: 111/127 MP: 21/21
 19267 | Lair:5   | Noticed Nessos
 19276 | Lair:5   | Killed Nessos
 19511 | Lair:5   | Found a runed translucent gate.
 19511 | Lair:5   | Found a runed translucent gate.
 19892 | Lair:5   | Found a runed translucent gate.
 19893 | Lair:5   | Noticed Dittersdorf's ghost (journeyman GrFi)
 19894 | Lair:5   | Noticed Dittersdorf's ghost (journeyman GrFi)
 19921 | Lair:5   | Killed Dittersdorf's ghost
 19926 | Lair:5   | Killed Dittersdorf's ghost
 20030 | Lair:5   | Found a viscous altar of Jiyva.
 20030 | Lair:5   | Found a staircase to the Slime Pits.
 20232 | Lair:5   | Reached ****** piety under Yredelemnul
 20940 | Lair:6   | Entered Level 6 of the Lair of Beasts
 21166 | Lair:6   | Received a gift from Yredelemnul (a phantasmal warrior)
 21708 | Lair:6   | Received a gift from Yredelemnul (a flayed ghost)
 22171 | Lair:6   | Received a gift from Yredelemnul (a skeletal warrior)
 22365 | Lair:6   | Found a large runed translucent door.
 22367 | Lair:6   | Found a large runed translucent door.
 22506 | Lair:6   | Reached skill level 20 in Axes
 23120 | D:10     | Entered Level 10 of the Dungeon
 23145 | D:10     | Received a gift from Yredelemnul (a bone dragon)
 23976 | D:11     | Noticed Erolcha
 23979 | D:11     | Killed Erolcha
 23980 | D:11     | Reached XP level 15. HP: 136/136 MP: 23/23
 23988 | D:11     | Reached skill level 5 in Dodging
 24303 | D:11     | Paralysed by a hornet for 2 turns
 24311 | D:11     | Received a gift from Yredelemnul (a ghoul)
 24343 | D:11     | Identified the +0 morningstar of Sharkskin {antimagic,
                  | rElec rF- Will+++ Str+2}
 24574 | D:11     | Received a gift from Yredelemnul (a flayed ghost)
 24875 | D:11     | Your ally Erolcha died
 25014 | D:12     | Received a gift from Yredelemnul (a vampire)
 25082 | D:12     | Received a gift from Yredelemnul (a skeletal warrior)
 25325 | D:12     | Found a staircase to the Orcish Mines.
 26099 | Orc:1    | Entered Level 1 of the Orcish Mines
 26302 | Orc:2    | Entered Level 2 of the Orcish Mines
 26302 | Orc:2    | Found a staircase to the Elven Halls.
 26438 | Orc:2    | Found a roughly hewn altar of Beogh.
 26445 | Orc:2    | Received a gift from Yredelemnul (a vampire knight)
 26717 | Orc:2    | Found a roughly hewn altar of Beogh.
 26718 | Orc:2    | Found Ehifushoi's Assorted Antiques.
 26939 | Orc:2    | Found a roughly hewn altar of Beogh.
 26940 | Orc:2    | Found Pawaej's Weapon Emporium.
 27154 | Orc:2    | Received a gift from Yredelemnul (a vampire)
 27376 | Orc:1    | Found Maxi Dokku's Assorted Antiques.
 27405 | Orc:1    | Bought a scroll of acquirement for 1612 gold pieces
 27405 | Orc:1    | Acquired a +4 executioner's axe of venom
 27547 | Orc:2    | Received a gift from Yredelemnul (a skeletal warrior)
 27648 | Orc:2    | Found a roughly hewn altar of Beogh.
 27656 | Orc:2    | Found a roughly hewn altar of Beogh.
 27992 | Orc:2    | Noticed an orc warlord
 27997 | Orc:2    | Received a gift from Yredelemnul (a profane servitor)
 28004 | Orc:2    | Killed an orc warlord
 28013 | Orc:2    | Found Dipnev's Antique Weapon Boutique.
 28014 | Orc:2    | Found a roughly hewn altar of Beogh.
 28017 | Orc:2    | Found Miar's Antique Armour Shop.
 28058 | Orc:2    | Bought an ancient cloak for 332 gold pieces
 28058 | Orc:2    | Identified the +2 cloak of the Sea {rC+ Str+3 Dex-5} (You
                  | bought it in a shop on level 2 of the Orcish Mines)
 28365 | D:13     | Found Qoxeytt's Jewellery Shop.
 28467 | D:13     | Received a gift from Yredelemnul (a skeletal warrior)
 28578 | D:13     | Noticed Sonja
 28582 | D:13     | Killed Sonja
 28584 | D:13     | Received a gift from Yredelemnul (a ghoul)
 28600 | D:13     | Reached skill level 21 in Axes
 28879 | D:13     | Noticed a daeva
 29027 | D:13     | Found a runed translucent door.
 29028 | D:13     | Found a glowing golden altar of the Shining One.
 29112 | D:13     | Identified the +3 leather armour of the Elephant {Str+2}
 29404 | D:14     | Noticed Josephine
 29411 | D:14     | Killed Josephine
 29533 | D:14     | Reached XP level 16. HP: 135/146 MP: 25/25
 29679 | D:14     | Reached skill level 1 in Air Magic
 29688 | D:14     | Received a gift from Yredelemnul (a phantasmal warrior)
 29916 | D:14     | Received a gift from Yredelemnul (a skeletal warrior)
 30152 | D:14     | Found a gate to the Vaults.
 30534 | D:15     | Entered Level 15 of the Dungeon
 30558 | D:15     | Slain by a titanic slime creature

Illustrated notes

Levels and vault maps discovered:
D:1:      dpeg_arrival_boxorama, layout_loops_ring, minivault_19
D:2:      layout_rooms, lemuel_round_altar, lemuel_round_altar
D:3:      layout_basic, nicolae_overflow_crystal_walls, serial_shops,
          nicolae_shop_stone, chequers_serial_rivers_micro_b, uniq_jessica
D:4:      layout_loops_ring, chequers_avenue
D:5:      layout_basic, okawaru_altar_gauntlet_db, old_standard_altar,
          gammafunk_temple_overflow_statue, serial_shops,
          nicolae_shop_behind_doors
D:6:      layout_loops_ring, lemuel_crystal_altar,
          pdpol_wu_jian_five_deadly_venoms
D:7:      layout_layer_cave, minmay_temple_entry_grid, basic_altar
D:8:      layout_cave_pods, enter_ossuary_2
D:9:      layout_loops_cross, lemuel_round_altar, nicolae_gozag_seed_capital,
          kennysheep_mini_moat, lair_entry_dummy, st_stairs_6,
          minmay_guarded_unrand_variability
D:10:     layout_irregular_city
D:11:     layout_roguey, uniq_erolcha
D:12:     layout_basic, zombieorc2_lemuel, kennysheep_generic_room_3
D:13:     layout_cave_pools, serial_shops, shop, lemuel_angel_altar, uniq_sonja
D:14:     lemuel_troll_bridge, layout_basic, erik_vaults_1, uniq_josephine
D:15:     gammafunk_depths_entry_grave, layout_basic, minivault_11
Lair:1:   layout_layer_cave, minmay_lair_oklob_chamber, uniq_urug
Lair:2:   layout_roguey, uniq_erica
Lair:3:   layout_regular_city, spider_nest_entry_funnel_web,
          beast_lair_carwin_7, grunt_megastairs_1
Lair:4:   layout_loops_ring, minmay_shoals_entry_beasts, special_room
          [special_room_mythical_zoo], infiniplex_staircase_pool,
          grunt_megastairs_5, serial_bayou_shore_a
Lair:5:   layout_long_grid, dpeg_slime_entry_enclosed_altar,
          gammafunk_ghost_cemetery, beast_lair_carwin_8, lemuel_fruit_tree,
          uniq_nessos
Lair:6:   cheibrodos_lair_end_hotspot, layout_small_grid, lemuel_fruit_fields
Orc:1:    layout_diamond_mine, serial_shops, nicolae_shop_statue_plus
Orc:2:    grunt_orc_community_town_hall, layout_caves,
          grunt_orc_community_big_house_1, grunt_orc_community_big_house_1,
          grunt_orc_community_house_3, grunt_orc_community_house_1,
          grunt_orc_community_house_2, grunt_orc_community_house_3, basic_altar,
          mines5_lemuel

Skill      XL: |  1  2  3  4  5  6  7  8  9 10 11 12 13 14 15 16 |
---------------+-------------------------------------------------+-----
Fighting       | 4 5 6 7 9 11 12 13 14 | 14.3
Axes           | 5 6 8 10 11 13 15 17 19 20 21 | 21.3
Armour         | 1 2 4 6 8 9 11 12 | 12.9
Stealth        | 2 |  2.1
Dodging        | 3 4 6 |  6.0
Invocations    | 1 2 3 5 7 8 10 11 12 | 12.0
Evocations     | 1 2 4 5 6 7 8 |  8.8
Air Magic      | 1 |  1.5
Shields        | |  0.2

Action                   |  1- 3 |  4- 6 |  7- 9 | 10-12 | 13-15 | 16-18 || total
-------------------------+-------+-------+-------+-------+-------+-------++-------
Melee: Hand axe          |    97 |   298 |    14 |       |       |       ||   409
       Broad axe         |       |       |   245 |    72 |       |       ||   317
       Eveningstar       |       |       |       |    11 |    42 |       ||    53
       Battleaxe         |       |       |       |   252 |   768 |       ||  1020
       War axe           |       |       |       |       |     8 |       ||     8
       Executioner's axe |       |       |       |       |   124 |    42 ||   166
 Fire: Hunting sling     |     4 |     4 |       |       |       |       ||     8
Throw: Dart              |     1 |     9 |       |     3 |     5 |       ||    18
Invok: Animate Remains   |       |     7 |       |       |       |       ||     7
       Animate Dead      |       |       |    12 |    21 |    68 |     2 ||   103
       Recall Undead Sla |       |       |       |       |     1 |       ||     1
       Drain Life        |       |       |       |       |     1 |       ||     1
Evoke: Wand              |       |       |     2 |     2 |       |       ||     4
  Use: Scroll            |       |       |    21 |     9 |    13 |       ||    43
       Potion            |       |       |       |     1 |     1 |       ||     2
 Stab: Sleeping          |     4 |       |       |       |       |       ||     4
       Distracted        |       |       |     2 |    14 |    13 |       ||    29
       Confused          |       |       |     1 |       |       |       ||     1
Armor: Robe              |    11 |       |       |       |       |       ||    11
       Scale mail        |     3 |    97 |    42 |       |       |       ||   142
       Ring mail         |     2 |       |       |       |       |       ||     2
       Chain mail        |       |       |    74 |   168 |   517 |    15 ||   774
       Plate armour      |       |       |       |    31 |       |       ||    31
Dodge: Dodged            |    51 |   112 |    84 |   113 |   311 |     8 ||   679
Block: Other             |    34 |    56 |    51 |    83 |   166 |     7 ||   397
       Reflection        |       |       |     3 |       |     8 |       ||    11

Table legend: (Time is in decaauts)
 A = Elapsed time spent in this place.
 B = Non-inter-level travel time spent in this place.
 C = Inter-level travel time spent in this place.
 D = Time resting spent in this place.
 E = Time spent auto-exploring this place.
 F = Levels seen in this place.
 G = Mean time per level.
                   A        B        C        D        E       F      G
               +--------+--------+--------+--------+--------+-----+--------+
         Total |  30429 |  29482 |    947 |   5161 |  16995 |  24 | 1267.9 |
       Dungeon |  16550 |  16010 |    540 |   2044 |  10400 |  15 | 1103.3 |
          Lair |  11342 |  11030 |    312 |   2708 |   5791 |   6 | 1890.3 |
  Orcish Mines |   2120 |   2025 |     95 |    230 |    796 |   2 | 1060.0 |
       Ossuary |    416 |    416 |      0 |    178 |      7 |   1 |  416.0 |
               +--------+--------+--------+--------+--------+-----+--------+

Top non-repeatable levels by time:
  Lair:1: 2436 daAuts
  Lair:6: 1990 daAuts
  Lair:4: 1950 daAuts
  Lair:5: 1809 daAuts
     D:7: 1747 daAuts
     D:3: 1715 daAuts
  Lair:3: 1698 daAuts
     D:9: 1563 daAuts
  Lair:2: 1457 daAuts
     D:4: 1446 daAuts
   Orc:2: 1395 daAuts
    D:14: 1313 daAuts
     D:1: 1219 daAuts
    D:11: 1128 daAuts
    D:12: 1077 daAuts
